 Dungeon Crawl Stone Soup version 0.26.1-11-gd32895ea62 (webtiles) character file.

Game seed: 8373002042940274285

55 nomophobia the Skirmisher (level 3, -2/29 HPs)
             Began as a Demonspawn Berserker on May 21, 2021.
             Was a Believer of Trog.
             Slain by a worm (3 damage)
             ... on level 2 of the Dungeon.
             The game lasted 00:16:32 (1649 turns).

nomophobia the Skirmisher (Demonspawn Berserker)    Turns: 1649, Time: 00:16:33

Health: -2/29      AC:  3    Str: 18    XL:     3   Next: 67%
Magic:  3/3        EV: 12    Int:  8    God:    Trog [**....]
Gold:   101        SH:  0    Dex: 12    Spells: 2/2 levels left

rFire    . . .     SeeInvis .   a - +0 hand axe
rCold    . . .     Faith    .   (no shield)
rNeg     . . .     Spirit   .   b - +0 animal skin
rPois    .         Reflect  .   (no helmet)
rElec    .         Harm     .   (no cloak)
rCorr    .         Rampage  .   l - +0 pair of gloves
Will     .....                  (no boots)
Stlth    +.........             (no amulet)
HPRegen  0.09/turn              (no ring)
MPRegen  0.08/turn              (no ring)

@: berserk cooldown, slowed, very slow
A: demonic guardian 1, powered by pain 1
a: Renounce Religion, Berserk, Trog's Hand


You were on level 2 of the Dungeon.
You worshipped Trog.
Trog was pleased with you.
You visited 1 branch of the dungeon, and saw 2 of its levels.

You collected 101 gold pieces.

Inventory:

Hand Weapons
 a - a +0 hand axe (weapon)
Armour
 b - a +0 animal skin (worn)
 l - a +0 pair of gloves (worn)
Jewellery
 i - an uncursed ring of stealth
 p - an uncursed ring of stealth
Scrolls
 e - a scroll of magic mapping {unknown}
 n - a scroll of teleportation {unknown}
 o - a scroll of amnesia {unknown}
Potions
 c - a potion of berserk rage {unknown}
 d - 2 potions of ambrosia {unknown}
 f - a potion of might {unknown}
 g - a potion of lignification {unknown}
 h - a potion of flight {unknown}
 j - 2 potions of magic {unknown}
 k - 3 potions of curing {unknown}
 m - a potion of haste {unknown}


   Skills:
 + Level 3.5 Fighting
 * Level 3.3 Axes
 + Level 2.1 Armour
 * Level 2.3 Dodging


You had 2 spell levels left.
You didn't know any spells.
Your spell library was empty.

Dungeon Overview and Level Annotations

Branches:
Dungeon (2/15)

Altars:


Innate Abilities, Weirdness & Mutations

A weak demonic guardian rushes to your aid.
You sometimes gain a little power by taking damage.


Message History

You kill the hobgoblin!
Trog accepts your kill.
You hit the worm. The worm bites you!
* * * LOW HITPOINT WARNING * * *
You hit the worm.
The worm is moderately wounded.
The worm bites you.
* * * LOW HITPOINT WARNING * * *
You hit the worm.
The worm is heavily wounded.
The worm bites you.
* * * LOW HITPOINT WARNING * * *
You hit the worm.
The worm is heavily wounded.
The worm misses you. The worm bites you.
* * * LOW HITPOINT WARNING * * *
You barely miss the worm.
The worm is moderately wounded.
The worm bites you.
You die...

#......).....## #...##.###
#.......†....# #...##.#
#............# #...##.#
#............# #...##.#
####............# #...##.#
...........†.....######.###.#
.####..........)......#. #.#
#....).[...w......#. #.#
#.........@)...... #.###
#.........###..... #....
####...#.## .##. #####
###.#.# ##### #.##. #.... #..
#. ##.## ##. ## #.#. . #.#.
.. #.#.


You could see a worm.

Vanquished Creatures
  Terence (D:2)
  A dart slug (D:2)
  A leopard gecko (D:1)
  A giant cockroach (D:2)
  6 goblins
  5 hobgoblins
  2 jackals (D:2)
  4 bats (D:2)
  A frilled lizard (D:1)
  2 kobolds
  2 rats (D:2)
26 creatures vanquished.

Notes
Turn   | Place    | Note
-------+----------+-------------------------------------------
     0 | D:1      | nomophobia the Demonspawn Berserker began the quest for the
                  | Orb.
     0 | D:1      | Reached XP level 1. HP: 18/18 MP: 1/1
   629 | D:1      | Gained mutation: You sometimes gain a little power by
                  | taking damage. [demonic ancestry]
   629 | D:1      | Reached XP level 2. HP: 23/24 MP: 2/2
  1335 | D:2      | Noticed Terence
  1341 | D:2      | Killed Terence
  1342 | D:2      | Gained mutation: A weak demonic guardian rushes to your
                  | aid. [demonic ancestry]
  1342 | D:2      | Reached XP level 3. HP: 29/29 MP: 3/3
  1632 | D:2      | Reached ** piety under Trog
  1648 | D:2      | HP: 1/29 [worm (3)]
  1649 | D:2      | Slain by a worm

Illustrated notes

Levels and vault maps discovered:
D:1:      lightli_arrival_isolated_outpost, layout_basic, chequers_mini_garden
D:2:      layout_basic, minmay_pentomino_s4, uniq_terence

Skill      XL: |  1  2 |
---------------+-------+-----
Axes           | 3 |  3.3
Dodging        | 2 |  2.3
Armour         | 2 |  2.1
Fighting       | |  3.5

Action                   || total
-------------------------++-------
Melee: Hand axe          ||    64
Invok: Berserk           ||     3
  Use: Scroll            ||     2
 Stab: Sleeping          ||     1
Armor: Animal skin       ||    14
Dodge: Dodged            ||    29
